 Dungeon Crawl Stone Soup version 0.22-a0-858-g985ef60 (webtiles) character file.

1714 inc the Conjurer (level 9, -3/76 HPs)
             Began as an Ogre Ice Elementalist on July 27, 2018.
             Was an Initiate of Okawaru.
             Slain by a hippogriff (6 damage)
             ... in the Ecumenical Temple.
             The game lasted 00:21:19 (9285 turns).

inc the Conjurer (Ogre Ice Elementalist)            Turns: 9285, Time: 00:21:20

Health: -3/76      AC:  5    Str: 14 (15) XL:     9   Next: 4%
Magic:  2/16       EV: 15    Int: 17 (18) God:    Okawaru [......]
Gold:   320        SH:  0    Dex: 12 (14) Spells: 7/17 levels left

rFire    . . .     SeeInvis .   q - +2 dagger (elec)
rCold    . . .     Gourm    .   (no shield)
rNeg     . . .     Faith    .   p - +2 robe {Archmagi}
rPois    .         Spirit   .   (helmet restricted)
rElec    .         Reflect  .   (no cloak)
rCorr    .         Harm     .   (gloves unavailable)
MR       .....                  (boots unavailable)
Stlth    +++.......             (no amulet)
HPRegen  0.22/turn              (no ring)
MPRegen  0.15/turn              (no ring)

@: agile, flying, starving
A: large, unfitting armour, tough skin 1
a: Renounce Religion


You were in the Ecumenical Temple.
You worshipped Okawaru.
Okawaru was noncommittal.
You were starving.

You visited 2 branches of the dungeon, and saw 8 of its levels.

You collected 320 gold pieces.

Inventory:

Hand Weapons
 b - a +0 dagger
 e - a +2 short sword of venom
 q - a +2 dagger of electrocution (weapon)
Armour
 a - a +0 robe
 p - a +2 robe of the Archmagi (worn)
Jewellery
 g - an uncursed ring of stealth {unknown}
Wands
 k - a wand of paralysis (4)
 n - a wand of clouds (9)
Scrolls
 d - 12 scrolls of identify {unknown}
 f - 3 scrolls of magic mapping
 h - a scroll of fog {unknown}
 i - a scroll of blinking {unknown}
 j - 5 scrolls of teleportation {unknown}
 l - 2 scrolls of remove curse {unknown}
 r - a scroll of immolation {unknown}
 t - a scroll of enchant armour {unknown}
Potions
 o - a potion of degeneration
Comestibles
 c - 11 rations


   Skills:
 - Level 1.1 Fighting
 - Level 0.6 Short Blades
 - Level 2.6 Dodging
 - Level 1.8 Stealth
 - Level 4.8 Spellcasting
 + Level 7.5 Conjurations
 + Level 6.0 Ice Magic


You had 7 spell levels left.
You knew the following spells:

 Your Spells              Type           Power        Failure   Level  Hunger
a - Freeze                Ice            ####         1%          1    None
b - Throw Frost           Conj/Ice       #####.       1%          2    #......
c - Ozocubu's Armour      Chrm/Ice       ###.....     13%         3    ###....
d - Throw Icicle          Conj/Ice       #####...     9%          4    ####...

Your spell library contained the following spells:

 Spells                   Type           Power        Failure   Level  Hunger
 Confuse                  Hex            #.......     41%         3    ###....
 Summon Ice Beast         Ice/Summ       ###.....     38%         4    ####...
 Tukima's Dance           Hex            #.......     41%         3    ###....
 Ensorcelled Hibernation  Hex/Ice        ###...       6%          2    #......
 Corona                   Hex            #......      14%         1    None
 Dazzling Spray           Conj/Hex       ####..       10%         3    ###....


Dungeon Overview and Level Annotations

Branches:
Dungeon (7/15)             Temple (1/1) D:7

Altars:
Cheibriados
Dithmenos
Elyvilon
Okawaru
Qazlal
Uskayaw
Vehumet
Yredelemnul
Zin

Annotations:
D:4 2 runed doors, melvinkitnick's ghost, amateur DECj
D:6 2 runed doors, Kuinu's ghost, novice MiFi
D:7 1 exclusion


Innate Abilities, Weirdness & Mutations

You are too large for most types of armour.
You have tough skin. (AC +1)


Message History

* * * LOW HITPOINT WARNING * * *
The hippogriff misses you.
You hit the hippogriff.
The hippogriff is heavily wounded.
The hippogriff bites you.
* * * LOW HITPOINT WARNING * * *
The hippogriff barely misses you. x2
Unknown command.
Okay, then.
You hit the hippogriff but do no damage.
Lightning courses through the hippogriff!
The hippogriff is severely wounded.
The hippogriff bites you but does no damage.
The hippogriff pecks you.
* * * LOW HITPOINT WARNING * * *
The hippogriff barely misses you.
You hit the hippogriff.
The hippogriff is almost dead.
The hippogriff bites you.
You die...

############## ### ##
#........#...###.###.
#.P......#....#...#..
#...@....#.....#.#...
#...H...##...........
#......##......#'#...
#....#'#......##.##..
#...##.....####...###
#####....'##.##...##
........#...#.._..#
#.......##._.##...##
#.......#...P.#...#


You could see a hippogriff.

Vanquished Creatures
  A sky beast (D:6)
  An orc warrior (D:7)
  4 ogres
  An ice beast (D:5)
  A centaur (D:7)
  Blork the orc (D:5)
  2 bullfrogs
  2 bullfrog zombies (D:5)
  A jelly (D:6)
  2 hounds
  5 orc priests
  3 orc wizards
  An iguana (D:6)
  Natasha (twice) (D:3)
  2 worker ants
  A killer bee zombie (D:7)
  A hound zombie (D:5)
  8 adders
  4 gnolls
  2 shadow imps
  2 oozes
  An adder zombie (D:6)
  2 worms
  3 dart slugs (D:1)
  5 leopard geckos
  19 orcs
  5 giant cockroaches
  23 goblins
  7 hobgoblins
  9 jackals
  A quokka (D:5)
  3 ball pythons
  11 bats
  5 frilled lizards
  A giant cockroach zombie (D:5)
  4 kobolds
  A leopard gecko skeleton (D:4)
  11 rats
158 creatures vanquished.

Notes
Turn   | Place    | Note
-------+----------+-------------------------------------------
     0 | D:1      | inc the Ogre Ice Elementalist began the quest for the Orb.
     0 | D:1      | Reached XP level 1. HP: 16/16 MP: 3/3
   179 | D:1      | Reached XP level 2. HP: 22/24 MP: 1/5
   401 | D:1      | Reached XP level 3. HP: 10/31 MP: 0/6
  1284 | D:1      | Reached XP level 4. HP: 12/40 MP: 0/8
  1619 | D:2      | Reached skill level 1 in Fighting
  1840 | D:2      | Found a radiant altar of Vehumet.
  2154 | D:2      | Found a hide-covered altar of Uskayaw.
  2156 | D:2      | Found a white marble altar of Elyvilon.
  2263 | D:2      | Reached XP level 5. HP: 35/48 MP: 4/10
  3058 | D:3      | Noticed Natasha
  3073 | D:3      | Killed Natasha
  3077 | D:3      | Reached XP level 6. HP: 33/55 MP: 1/12
  3762 | D:3      | Learned a level 2 spell: Throw Frost
  3766 | D:3      | Learned a level 3 spell: Ozocubu's Armour
  4009 | D:4      | Reached skill level 1 in Conjurations
  4139 | D:4      | Reached skill level 2 in Conjurations
  4139 | D:4      | Reached XP level 7. HP: 36/62 MP: 8/14
  4434 | D:4      | Found a large runed door.
  4447 | D:4      | Reached skill level 3 in Conjurations
  4524 | D:4      | Found a large runed door.
  4530 | D:4      | Noticed melvinkitnick's ghost (amateur DECj)
  4556 | D:4      | Found a basalt altar of Yredelemnul.
  4584 | D:4      | Found a stormy altar of Qazlal.
  4861 | D:5      | Entered Level 5 of the Dungeon
  5355 | D:3      | Noticed Natasha
  5370 | D:3      | Killed Natasha
  5794 | D:5      | Reached skill level 4 in Conjurations
  6172 | D:5      | Noticed Blork the orc
  6248 | D:5      | Killed Blork the orc
  6248 | D:5      | Reached skill level 5 in Conjurations
  6248 | D:5      | Reached XP level 8. HP: 33/70 MP: 15/15
  6974 | D:6      | Learned a level 4 spell: Throw Icicle
  6978 | D:6      | Found a large runed door.
  6978 | D:6      | Found a large runed door.
  7344 | D:6      | Reached skill level 6 in Conjurations
  7673 | D:6      | Reached skill level 5 in Ice Magic
  8350 | D:6      | Noticed Kuinu's ghost (novice MiFi)
  8607 | D:7      | Found an iron altar of Okawaru.
  8609 | D:7      | Reached skill level 7 in Conjurations
  8686 | D:7      | Became a worshipper of Warmaster Okawaru
  8864 | D:7      | Noticed a gargoyle
  8876 | D:7      | Noticed a hippogriff
  8879 | D:7      | Found a staircase to the Ecumenical Temple.
  8888 | Temple   | Entered the Ecumenical Temple
  9271 | Temple   | Reached XP level 9. HP: 25/76 MP: 4/16
  9283 | Temple   | HP: 3/76 [hippogriff (2)]
  9285 | Temple   | Slain by a hippogriff

Vault maps used:
D:1:      scummos_arrival_hexagon, minmay_shallow_snake_nest
D:2:      vehumet_crystals, chequers_temple_overflow_statue_of_worship,
          minmay_crystal_water, minmay_crystal_room
D:3:      minmay_ogre_servants, uniq_natasha
D:4:      nicolae_qazlal_eye_of_the_storm, lemuel_doored_altar,
          ebering_ghost_disaster_area, first_ration
D:5:      enter_ossuary_1, uniq_blork_the_orc
D:6:      ebering_ghost_disaster_area
D:7:      cheibrodos_statue_roulette, xom_shifter_show, okawaru_trees_2,
          minmay_temple_entry_trees, serial_co_window_serial,
          co_window_corner_a, co_window_paths_b, co_window_paths_a,
          co_window_paths_a, co_window_of_opportunity_a, co_window_paths_b,
          co_window_of_opportunity_a, co_window_corner_b, co_window_corner_b,
          co_window_paths_c, co_window_cross_2, co_window_4corner_b,
          glass_columns_a
Temple:   regret_index_temple_generic_petals

Skill      XL: |  1  2  3  4  5  6  7  8 |
---------------+-------------------------+-----
Ice Magic      | 3 4 6 |  6.0
Dodging        | 2 |  2.6
Spellcasting   | 3 4 |  4.8
Fighting       | 1 |  1.1
Conjurations   | 2 5 7 |  7.5
Short Blades   | |  0.6
Stealth        | |  1.8

Action                   |  1- 3 |  4- 6 |  7- 9 || total
-------------------------+-------+-------+-------++-------
Melee: Dagger            |    60 |    26 |    74 ||   160
       Unarmed           |     2 |       |       ||     2
       Short sword       |       |       |   119 ||   119
 Cast: Freeze            |    34 |   138 |    64 ||   236
       Ozocubu's Armour  |       |       |     7 ||     7
       Throw Frost       |       |       |     4 ||     4
       Throw Icicle      |       |       |    12 ||    12
  Use: Potion            |       |       |     5 ||     5
       Scroll            |       |       |     1 ||     1
 Stab: Sleeping          |     1 |     1 |     1 ||     3
  Eat: Chunk             |     1 |     9 |     7 ||    17
       Ration            |       |       |     3 ||     3
Armor: Robe              |    36 |    30 |    73 ||   139
Dodge: Dodged            |    66 |    70 |   146 ||   282

Table legend:
 A = Spawn XP
 B = Non-spawn XP
 C = Spawn XP percentage of total XP
 D = Spawn monster count
 E = Non-spawn monster count
 F = Spawn count percentage of total count
 G = Total turns spent on level
                    A         B        C        D         E        F      G
               +---------+---------+-------+---------+---------+-------+---------
         Total |       0 |    2449 |   0.0 |       0 |     158 |   0.0 |  9285
               +---------+---------+-------+---------+---------+-------+---------
           D:1 |       0 |      69 |   0.0 |       0 |      28 |   0.0 |  1467
           D:2 |       0 |     122 |   0.0 |       0 |      31 |   0.0 |  1011
           D:3 |       0 |     353 |   0.0 |       0 |      43 |   0.0 |  1852
           D:4 |       0 |     255 |   0.0 |       0 |       8 |   0.0 |  1192
           D:5 |       0 |     456 |   0.0 |       0 |      17 |   0.0 |  1492
           D:6 |       0 |     664 |   0.0 |       0 |      18 |   0.0 |  1399
           D:7 |       0 |     433 |   0.0 |       0 |      12 |   0.0 |   697
        Temple |       0 |      97 |   0.0 |       0 |       1 |   0.0 |   175
               +---------+---------+-------+---------+---------+-------+---------
